 Dungeon Crawl Stone Soup version 0.30-a0-802-gb92711bcdf (console) character file.

Game seed: 3755110804339850649

2 petzl the Sneak (level 1, 0/17 (18) HPs)
             Began as a Formicid Delver on Feb 24, 2023.
             Succumbed to a water moccasin's poison
             ... on level 6 of the Dungeon.
             The game lasted 00:05:41 (946 turns).

petzl the Sneak (Formicid Delver)                    Turns: 946, Time: 00:05:42

HP:   0/17 (18)     AC:  3    Str: 16    XL:     1   Next: 33%
MP:   1/1           EV: 12    Int:  9    God:
Gold: 82            SH:  0    Dex: 15    Spells: 0/0 levels left

rFire   . . .      SeeInvis +    a - +2 sling (flame)
rCold   . . .      Faith    .    (no shield)
rNeg    . . .      Spirit   .    k - +0 leather armour
rPois   .          Reflect  .    (helmet unavailable)
rElec   .          Harm     .    (no cloak)
rCorr   .          Rampage  .    (no gloves)
Will    .....                    (no boots)
Stlth   +++                      (no amulet)
HPRegen 0.22/turn                (no ring)
MPRegen 0.07/turn                (no ring)

@: mighty, lethally poisoned (0 -> -8), drained
A: permanent stasis, dig shafts and tunnels, antennae 3, four strong arms
a: Dig, Shaft Self


You were on level 6 of the Dungeon.
You visited 1 branch of the dungeon, and saw 5 of its levels.

You collected 82 gold pieces.

Inventory:

Hand Weapons
 a - a +2 sling of flaming (weapon)
 b - a +0 trident
 l - a +0 mace
Armour
 j - an orb of light
 k - a +0 leather armour (worn)
Wands
 f - a wand of digging (3)
 i - a wand of light (4)
Scrolls
 c - a scroll of fog
 d - a scroll of magic mapping
 e - a scroll of fear
 g - 2 scrolls of teleportation
 h - a scroll of vulnerability {unknown}
 n - a scroll of immolation {unknown}


   Skills:
 - Level 3.2 Fighting
 - Level 2.0 Maces & Flails
 + Level 0.6 Ranged Weapons
 - Level 1.7 Dodging
 - Level 6.0 Stealth


You couldn't memorise any spells.
You didn't know any spells.
Your spell library contained the following spells:

 Spells                   Type           Power      Damage    Failure   Level
 Necrotise                Necr           0%         1d4       45%         1
 Slow                     Hex            0%         N/A       45%         1
 Ensorcelled Hibernation  Hex/Ice        0%         N/A       58%         2
 Confusing Touch          Hex            0%         N/A       83%         3
 Dazzling Flash           Conj/Hex       0%         N/A       83%         3
 Spider Form              Tmut/Pois      0%         N/A       83%         3
 Vampiric Draining        Necr           0%         2d6       83%         3
 Anguish                  Hex/Necr       0%         N/A       99%         4
 Iskenderun's Mystic Bla  Conj/Tloc      0%         2d3       99%         4
 Agony                    Necr           0%         N/A       100%        5
 Starburst                Conj/Fire      0%         6d3       100%        6


Dungeon Overview and Level Annotations

Branches:
Dungeon (8/15)
 Temple: D:4-7         Lair: D:8-11

Altars:
Trog

Shops:
D:5 *

Annotations:
D:5 exclusion: upstairs
D:6 exclusion: 2 ice beasts
D:7 exclusions: 2 downstairs and wyvern


Innate Abilities, Weirdness & Mutations

You cannot be hasted, slowed, berserked, paralysed or teleported.
You can dig through walls and to a lower floor.
You have a pair of large antennae on your head. (SInv)
Your four strong arms can wield two-handed weapons with a shield.


Message History

The hobgoblin shouts!
The sling bullet hits the orc but does no damage.
You can't go up here!
You climb downwards.
There is a stone staircase leading up here.
Press: ? - help, v - describe, . - travel A stone staircase leading up.
Placed new exclusion.
Reduced exclusion size to a single square.
Unknown command.
Unknown command.
You sense a monster nearby.
A water moccasin comes into view.
You shoot a sling bullet.
The sling bullet closely misses the water moccasin.
You shoot a sling bullet.
The sling bullet hits the water moccasin.
The sling bullet burns the water moccasin.
The water moccasin is lightly wounded.
The water moccasin bites you but does no damage.
Are you sure you want to shaft yourself?
The water moccasin barely misses you. The water moccasin bites you!
You begin to dig a shaft.
You continue digging a shaft.
The water moccasin bites you.
You are lethally poisoned!
The water moccasin poisons you! A shaft appears beneath you!
You fall into a shaft and drop 1 floor!
The shaft crumbles and collapses.
Level annotation: exclusion: 2 ice beasts
* * * LOW HITPOINT WARNING * * *
You feel very sick.
It was a potion of might.
You feel very mighty all of a sudden.
* * * LOW HITPOINT WARNING * * *
You feel very sick.
You aren't carrying any potions.
As you read the scroll labelled NOARRU QUJAS, it crumbles to dust.
You feel a strange sense of stasis.
It was a scroll of teleportation.
You die...

#.#.##.## #......
#.#.##..#####.###......
#.#.##........$........
..#.##.(.####...###....
..#.#.....# ..# ##...
..#.#...#.....># #..~
#<..#####..# Y.~ ##.>#
.. ...# ###.# #.# #.#
.# ############
+...@.......
############


There were no monsters in sight!

Vanquished Creatures
  An orc (D:8)
1 creature vanquished.

Notes
Turn   | Place    | Note
-------+----------+-------------------------------------------
     0 | D:5      | petzl the Formicid Delver began the quest for the Orb.
     0 | D:5      | Reached XP level 1. HP: 18/18 MP: 1/1
    45 | D:5      | Noticed an iguana
   109 | D:4      | Noticed an orc wizard
   120 | D:4      | Noticed a jelly
   144 | D:4      | You fall into a shaft and drop 2 floors!
   179 | D:6      | Noticed an ice beast
   229 | D:6      | Noticed an ice beast
   269 | D:8      | Noticed an orc wizard
   285 | D:7      | Noticed a wyvern
   313 | D:8      | Noticed a steam dragon
   313 | D:8      | Noticed a bullfrog
   313 | D:8      | Noticed a wyvern
   452 | D:7      | Noticed an ice beast
   646 | D:6      | Found a bloodstained altar of Trog.
   808 | D:5      | Found Gozag's Platinum Reserve.
   822 | D:5      | Noticed a necrophage
   899 | D:4      | Noticed an iguana
   936 | D:5      | Noticed a water moccasin
   944 | D:5      | You fall into a shaft and drop 1 floor!
   946 | D:6      | Succumbed to a water moccasin's poison

Illustrated notes

Levels and vault maps discovered:
D:4:      minmay_angry_zag, layout_layer_cave, minitemple, lightli_minifort,
          uniq_grinder, uniq_natasha, uniq_sigmund
D:5:      layout_basic, lemuel_tele_altar, nicolae_gozag_zags_fifth_avenue,
          minmay_temple_entry_enclosed_plants, wad_woods_river_04,
          amcnicky_mini_pool_small, due_unseen_surprise
D:6:      cheibrodos_thug_alley, layout_basic, mainiacjoe_overflow_alcove_1,
          serial_park_tiny_pond
D:7:      layout_loops_ring
D:8:      layout_loops_cross, serial_shops, shop, gammafunk_ghost_nasty_kobolds,
          grunt_ministairs_8, kennysheep_just_a_vault, uniq_joseph

Action                     || total
---------------------------++-------
   Fire: Sling             ||     6
Ability: Shaft Self        ||     2
         Dig               ||     1
    Use: Scroll            ||     1
         Potion            ||     1
 Armour: Leather armour    ||     1
  Dodge: Dodged            ||     1

Table legend: (Time is in decaauts)
 A = Elapsed time spent in this place.
 B = Non-inter-level travel time spent in this place.
 C = Inter-level travel time spent in this place.
 D = Time resting spent in this place.
 E = Time spent auto-exploring this place.
 F = Levels seen in this place.
 G = Mean time per level.
                   A        B        C        D        E       F      G
               +--------+--------+--------+--------+--------+-----+--------+
         Total |    947 |    862 |     85 |      0 |    333 |   5 |  189.4 |
       Dungeon |    947 |    862 |     85 |      0 |    333 |   5 |  189.4 |
               +--------+--------+--------+--------+--------+-----+--------+

Top non-repeatable levels by time:
     D:5: 373 daAuts
     D:6: 290 daAuts
     D:7: 236 daAuts
     D:4: 41 daAuts
     D:8: 4 daAuts
